AoeStats
← Leftenant Ironfang

Enclosed

504627428Analyzed
1v1 RM · 27d ago on Sep 6, 2026· 27m 53s· 2 players
Game mode
Random Map
Map size
Tiny (2 player)
Population
200
Speed
Normal
Resources
Standard
Victory
Conquest
Starting age
Dark Age
Ending age
Imperial Age
RankedLock teamsTeams togetherTeam positionsShared explorationLock speedFull tech treeHidden civsTurbo modeCheats
Victory
Defeat
🇳🇴 Vietnamese · Norway
917
+16
🇺🇸 Vietnamese · United States
914
-16
Leftenant Ironfang
1:40 Loom
2:03 Loom
10:58 Feudal Age
11:29 Double-Bit Axe
12:24 Wheelbarrow
11:43 Gold Mining
11:36 Horse Collar
13:56 Town Watch
17:12 Fletching
17:23 Padded Archer Armor
22:22 Castle Age
21:07 Scale Barding Armor
21:58 Bloodlines
22:48 Forging
23:33 Husbandry
24:49 Bow Saw
24:41 Heavy Plow
kentrune
6:58 Loom
9:14 Feudal Age
9:52 Double-Bit Axe
13:13 Horse Collar
16:31 Fletching
16:42 Padded Archer Armor
21:59 Castle Age
20:47 Wheelbarrow
22:31 Scale Mail Armor
22:31 Crossbowman
22:32 Elite Skirmisher
23:21 Thumb Ring
25:22 Squires
26:29 Bodkin Arrow
Connection lost

Rejoining the realm…

Still unreachable

The connection could not be restored.

Session expired

The server has moved on; the page needs a fresh start.